BSA
NIAGARA FALLS FRENZY @ SAN FRANCISCO BANDITS
07/30/2024
 
TOP OF THE 1ST
Niagara Falls Frenzy batting - Pitching for San Francisco Bandits : RHP Masamichi Samurakami
Pitching: RHP Masamichi Samurakami
Batting: RHB Lawrence Schroeder 0-0: Called Strike
0-1: Swinging Strike
0-2: Foul Ball, location: 2F
0-2: Ball
1-2: Ball
2-2: Strikes out swinging
Batting: RHB Juan Carlos Rodríguez 0-0: Ball
1-0: Foul Ball, location: 2F
1-1: Ball
2-1: Ground out 5-3 (Groundball, 5)
Batting: LHB Dante Owens 0-0: Called Strike
0-1: Ball
1-1: Foul Ball, location: 2F
1-2: Ball
2-2: Ball
3-2: Foul Ball, location: 2F
3-2: Fly out, F8 (Flyball, 8RXD)
Top of the 1st over - 0 run(s), 0 hit(s), 0 error(s), 0 left on base; Niagara Falls 0 - San Francisco 0
BOTTOM OF THE 1ST
San Francisco Bandits batting - Pitching for Niagara Falls Frenzy : RHP Mark Head
Pitching: RHP Mark Head
Batting: RHB Pete Rideout 0-0: Ground out 6-3 (Groundball, 6M)
Batting: LHB John Peterson 0-0: DOUBLE (Groundball, 3D)
Batting: RHB Jorge Morales 0-0: Ball
1-0: Ball
2-0: SINGLE (Line Drive, 7LS)
John Peterson to third
Runner from 3rd tries for Home, SAFE, no throw or cutoff
Batting: RHB Michael Elliott 0-0: Ball
1-0: Called Strike
1-1: Swinging Strike
1-2: Ball
2-2: Ball
3-2: Foul Ball, location: 2F
3-2: Strikes out looking
Batting: RHB Cory Foster 0-0: Ball
1-0: Foul Ball, location: 2F
1-1: Ball
2-1: DOUBLE (Flyball, 7D)
Jorge Morales to third
Runner from 3rd tries for Home, SAFE, no throw or cutoff
Batting: LHB Francisco Calderón 0-0: Foul Ball, location: 2F
0-1: Foul Ball, location: 2F
0-2: Ball
1-2: Foul Ball, location: 2F
1-2: Ball
2-2: Ground out 5-3 (Groundball, 6S)
Bottom of the 1st over - 2 run(s), 3 hit(s), 0 error(s), 1 left on base; Niagara Falls 0 - San Francisco 2
TOP OF THE 2ND
Niagara Falls Frenzy batting - Pitching for San Francisco Bandits : RHP Masamichi Samurakami
Batting: LHB Donovan Bird 0-0: Ball
1-0: Fly out, F4 (Popup, 34)
Batting: SHB Ray Burgess 0-0: Ball
1-0: Called Strike
1-1: Foul Ball, location: 2F
1-2: Ground out 1-3 (Groundball, 15S)
Batting: SHB Shumei Yokoyama 0-0: Called Strike
0-1: Fly out, F7 (Flyball, 7S)
Top of the 2nd over - 0 run(s), 0 hit(s), 0 error(s), 0 left on base; Niagara Falls 0 - San Francisco 2
BOTTOM OF THE 2ND
San Francisco Bandits batting - Pitching for Niagara Falls Frenzy : RHP Mark Head
Batting: SHB Vicente Ricks 0-0: Ground out 4-3 (Groundball, 4M)
Batting: RHB Susumu Sugiyama 0-0: Called Strike
0-1: Fly out, F6 (Popup, 6D)
Batting: RHB Jorge Díaz 0-0: Swinging Strike
0-1: Ball
1-1: Foul Ball, location: 2F
1-2: SINGLE (Groundball, 6M)
Batting: RHB Pete Rideout 0-0: Called Strike
0-1: Ball
1-1: Ground out 6-3 (Groundball, 6)
Bottom of the 2nd over - 0 run(s), 1 hit(s), 0 error(s), 1 left on base; Niagara Falls 0 - San Francisco 2
TOP OF THE 3RD
Niagara Falls Frenzy batting - Pitching for San Francisco Bandits : RHP Masamichi Samurakami
Batting: LHB Seung-woo Yi 0-0: Called Strike
0-1: Ball
1-1: Called Strike
1-2: Strikes out swinging
Batting: RHB Ángel Hinojosa 0-0: Ball
1-0: Called Strike
1-1: Swinging Strike
1-2: Strikes out swinging
Batting: RHB Cordell Gibson 0-0: Ball
1-0: Ball
2-0: Ball
3-0: Base on Balls
Batting: RHB Lawrence Schroeder 0-0: Ball
1-0: Foul Ball, location: 2F
1-1: DOUBLE (Flyball, 89XD)
Cordell Gibson to third
Runner from 3rd tries for Home, SAFE, throw made home
Batting: RHB Juan Carlos Rodríguez 0-0: Swinging Strike
0-1: Ball
1-1: Ball
2-1: Ball
3-1: Base on Balls
Batting: LHB Dante Owens 0-0: Called Strike
0-1: Foul Ball, location: 2F
0-2: DOUBLE (Groundball, 3L)
Lawrence Schroeder scores
Juan Carlos Rodríguez to third
Runner from 3rd tries for Home, SAFE, no throw or cutoff
Batting: LHB Donovan Bird 0-0: Ball
1-0: Ball
2-0: Ground out U3 (Groundball, 3S)
Top of the 3rd over - 3 run(s), 2 hit(s), 0 error(s), 1 left on base; Niagara Falls 3 - San Francisco 2
BOTTOM OF THE 3RD
San Francisco Bandits batting - Pitching for Niagara Falls Frenzy : RHP Mark Head
Batting: LHB John Peterson 0-0: Called Strike
0-1: Foul Ball, location: 2F
0-2: Strikes out looking
Batting: RHB Jorge Morales 0-0: Called Strike
0-1: Fly out, F8 (Flyball, 8LXD)
Batting: RHB Michael Elliott 0-0: Called Strike
0-1: Ball
1-1: Called Strike
1-2: Foul Ball, location: 2F
1-2: Foul Ball, location: 2F
1-2: Foul Ball, location: 2F
1-2: Ball
2-2: Strikes out swinging
Bottom of the 3rd over - 0 run(s), 0 hit(s), 0 error(s), 0 left on base; Niagara Falls 3 - San Francisco 2
TOP OF THE 4TH
Niagara Falls Frenzy batting - Pitching for San Francisco Bandits : RHP Masamichi Samurakami
Batting: SHB Ray Burgess 0-0: Ball
1-0: Swinging Strike
1-1: Fly out, F9 (Flyball, 89M)
Batting: SHB Shumei Yokoyama 0-0: Swinging Strike
0-1: Ball
1-1: Foul Ball, location: 2F
1-2: Ball
2-2: Ball
3-2: DOUBLE (Line Drive, 7LM)
Batting: LHB Seung-woo Yi 0-0: Ball
1-0: Ball
2-0: Called Strike
2-1: Foul Ball, location: 2F
2-2: Fly out, F8 (Flyball, 8RD)
Runner from 2nd tags up, SAFE at 3rd, no throw
Batting: RHB Ángel Hinojosa 0-0: Called Strike
0-1: Called Strike
0-2: Ball
Error on foul ball, E2
1-2: DOUBLE (Line Drive, 5D)
Shumei Yokoyama scores
Batting: RHB Cordell Gibson 0-0: Called Strike
0-1: Foul Ball, location: 2F
0-2: Ground out 1-3 (Groundball, 13S)
Top of the 4th over - 1 run(s), 2 hit(s), 1 error(s), 1 left on base; Niagara Falls 4 - San Francisco 2
BOTTOM OF THE 4TH
San Francisco Bandits batting - Pitching for Niagara Falls Frenzy : RHP Mark Head
Batting: RHB Cory Foster 0-0: Ball
1-0: Swinging Strike
1-1: Ball
2-1: Swinging Strike
2-2: Ball
3-2: Base on Balls
Batting: LHB Francisco Calderón 0-0: Ball
1-0: Foul Ball, location: 2F
1-1: SINGLE (Line Drive, 34D)
Cory Foster to second
Runner from 2nd tries for 3rd, SAFE, throw made to third
Batting: SHB Vicente Ricks 0-0: Fly out, F6 (Line Drive, 6)
Batting: RHB Susumu Sugiyama 0-0: Called Strike
0-1: Foul Ball, location: 2F
0-2: Ball
1-2: DOUBLE (Flyball, 89XD)
Cory Foster scores
Francisco Calderón to third
Batting: RHB Jorge Díaz 0-0: Ball
1-0: Fly out, F3 (Line Drive, 3)
Batting: RHB Pete Rideout 0-0: Fly out, F8 (Flyball, 8RD)
Bottom of the 4th over - 1 run(s), 2 hit(s), 0 error(s), 2 left on base; Niagara Falls 4 - San Francisco 3
TOP OF THE 5TH
Niagara Falls Frenzy batting - Pitching for San Francisco Bandits : RHP Masamichi Samurakami
Batting: RHB Lawrence Schroeder 0-0: DOUBLE (Line Drive, 89D)
Batting: RHB Juan Carlos Rodríguez 0-0: Called Strike
0-1: Ball
1-1: Swinging Strike
1-2: Foul Ball, location: 2F
1-2: Ball
2-2: Ball
3-2: Fly out, F4 (Popup, 4MD)
Batting: LHB Dante Owens 0-0: Ball
1-0: Fly out, F5 (Popup, 5D)
Batting: LHB Donovan Bird 0-0: Intentional Walk
Batting: SHB Ray Burgess 0-0: SINGLE (Line Drive, 7S)
Lawrence Schroeder to third
Donovan Bird to second
Runner from 3rd tries for Home, SAFE, throw made home
Donovan Bird to third
Ray Burgess to second
Batting: SHB Shumei Yokoyama 0-0: Intentional Walk
Batting: LHB Seung-woo Yi 0-0: Ball
1-0: Foul Ball, location: 2F
1-1: Ball
2-1: SINGLE (Line Drive, 4M)
Donovan Bird scores
Ray Burgess to third
Shumei Yokoyama to second
Batting: RHB Ángel Hinojosa 0-0: Called Strike
0-1: Ball
1-1: Foul Ball, location: 2F
1-2: Foul Ball, location: 2F
1-2: SINGLE (Line Drive, 7S)
Ray Burgess scores
Shumei Yokoyama to third
Seung-woo Yi to second
Runner from 3rd tries for Home, SAFE, no throw or cutoff
Pitching: RHP Mal Park
Batting: RHB Cordell Gibson 0-0: Ball
1-0: Ball
2-0: Foul Ball, location: 2F
2-1: Ball
3-1: Foul Ball, location: 2F
3-2: Fly out, F6 (Popup, 5D)
Top of the 5th over - 4 run(s), 4 hit(s), 0 error(s), 2 left on base; Niagara Falls 8 - San Francisco 3
BOTTOM OF THE 5TH
San Francisco Bandits batting - Pitching for Niagara Falls Frenzy : RHP Mark Head
Batting: LHB John Peterson 0-0: Foul Ball, location: 2F
0-1: Fly out, F7 (Flyball, 78M)
Batting: RHB Jorge Morales 0-0: Swinging Strike
0-1: Foul Ball, location: 2F
0-2: Ball
1-2: Ball
2-2: Ground out 2-3 (Groundball, 25)
Batting: RHB Michael Elliott 0-0: Swinging Strike
0-1: Ground out 4-3 (Groundball, 4)
Bottom of the 5th over - 0 run(s), 0 hit(s), 0 error(s), 0 left on base; Niagara Falls 8 - San Francisco 3
TOP OF THE 6TH
Niagara Falls Frenzy batting - Pitching for San Francisco Bandits : RHP Mal Park
Batting: RHB Lawrence Schroeder 0-0: Foul Ball, location: 2F
0-1: Called Strike
0-2: Foul Ball, location: 2F
0-2: Ground out 1-3 (Groundball, 15S)
Batting: RHB Juan Carlos Rodríguez 0-0: Foul Ball, location: 2F
0-1: Foul Ball, location: 2F
0-2: Ball
1-2: Foul Ball, location: 2F
1-2: SINGLE (Line Drive, 89S)
Batting: LHB Dante Owens 0-0: Ball
1-0: Ball
2-0: Ball
3-0: Base on Balls
Juan Carlos Rodríguez to second
Batting: LHB Donovan Bird 0-0: Ball
1-0: Ball
2-0: Called Strike
2-1: Ball
3-1: Foul Ball, location: 2F
3-2: Foul Ball, location: 2F
3-2: Foul Ball, location: 2F
3-2: Foul Ball, location: 2F
3-2: Base on Balls
Juan Carlos Rodríguez to third
Dante Owens to second
Pitching: RHP Pedro Castillo
Batting: SHB Ray Burgess 0-0: Grounds into double play, 6-4-3 (Groundball, 6)
Top of the 6th over - 0 run(s), 1 hit(s), 0 error(s), 2 left on base; Niagara Falls 8 - San Francisco 3
BOTTOM OF THE 6TH
San Francisco Bandits batting - Pitching for Niagara Falls Frenzy : RHP Mark Head
Batting: RHB Cory Foster 0-0: Ball
1-0: Fly out, F6 (Popup, 8LS)
Batting: LHB Francisco Calderón 0-0: Called Strike
0-1: Ball
1-1: Ball
2-1: Ball
3-1: Called Strike
3-2: Base on Balls
Batting: SHB Vicente Ricks 0-0: Ball
Francisco Calderón steals 2nd base
1-0: Called Strike
1-1: Ground out 4-3 (Groundball, 4)
Francisco Calderón to third
Batting: RHB Susumu Sugiyama 0-0: Ball
1-0: Swinging Strike
1-1: SINGLE (Groundball, 5L)
Francisco Calderón scores
Batting: RHB Jorge Díaz 0-0: Called Strike
0-1: Ball
1-1: Ground out 5-3 (Groundball, 5)
Bottom of the 6th over - 1 run(s), 1 hit(s), 0 error(s), 1 left on base; Niagara Falls 8 - San Francisco 4
TOP OF THE 7TH
Niagara Falls Frenzy batting - Pitching for San Francisco Bandits : RHP Pedro Castillo
Batting: SHB Shumei Yokoyama 0-0: Foul Ball, location: 2F
0-1: Ball
1-1: Foul Ball, location: 2F
1-2: Ball
2-2: Foul Ball, location: 2F
2-2: Ball
3-2: Ground out 4-3 (Groundball, 4)
Batting: LHB Seung-woo Yi 0-0: Ball
1-0: Ground out 6-3 (Groundball, 6)
Batting: RHB Ángel Hinojosa 0-0: Foul Ball, location: 2F
0-1: Ball
1-1: Ground out 4-3 (Groundball, 34)
Top of the 7th over - 0 run(s), 0 hit(s), 0 error(s), 0 left on base; Niagara Falls 8 - San Francisco 4
BOTTOM OF THE 7TH
San Francisco Bandits batting - Pitching for Niagara Falls Frenzy : RHP Mark Head
Pitching: LHP António Bueno
Batting: RHB Pete Rideout 0-0: Called Strike
0-1: SINGLE (Line Drive, 8LS)
Batting: LHB John Peterson 0-0: SINGLE (Flyball, 8LS)
Pete Rideout to second
Batting: RHB Jorge Morales 0-0: Swinging Strike
0-1: Foul Ball, location: 2F
0-2: Ball
1-2: Strikes out swinging
Batting: RHB Michael Elliott 0-0: Ball
1-0: Swinging Strike
1-1: Swinging Strike
1-2: Strikes out swinging
Batting: RHB Cory Foster 0-0: Called Strike
0-1: Fly out, F3 (Popup, 4)
Bottom of the 7th over - 0 run(s), 2 hit(s), 0 error(s), 2 left on base; Niagara Falls 8 - San Francisco 4
TOP OF THE 8TH
Niagara Falls Frenzy batting - Pitching for San Francisco Bandits : RHP Pedro Castillo
Batting: RHB Cordell Gibson 0-0: Called Strike
0-1: SINGLE (Groundball, 6MD)
Batting: RHB Lawrence Schroeder 0-0: Ball
1-0: Bunt missed!
1-1: Sac Bunt - play at first, batter OUT! 1-4
Cordell Gibson to second
Pitching: RHP José Rivera
Batting: RHB Juan Carlos Rodríguez 0-0: Ball
1-0: Called Strike
1-1: Called Strike
1-2: Foul Ball, location: 2F
1-2: Ball
Wild Pitch!
Cordell Gibson to third
2-2: Strikes out looking
Batting: LHB Dante Owens 0-0: Swinging Strike
0-1: Ball
1-1: Ground out 4-3 (Groundball, 4)
Top of the 8th over - 0 run(s), 1 hit(s), 0 error(s), 1 left on base; Niagara Falls 8 - San Francisco 4
BOTTOM OF THE 8TH
San Francisco Bandits batting - Pitching for Niagara Falls Frenzy : LHP António Bueno
Batting: LHB Francisco Calderón 0-0: Ball
1-0: Ground out U3 (Groundball, 3L)
Batting: SHB Vicente Ricks 0-0: Called Strike
0-1: Fly out, F4 (Line Drive, 4)
Batting: RHB Susumu Sugiyama 0-0: Called Strike
0-1: Ball
1-1: Ball
2-1: Ball
3-1: Foul Ball, location: 2F
3-2: Base on Balls
Batting: RHB Jorge Díaz 0-0: Ball
1-0: Ball
2-0: Called Strike
2-1: SINGLE (Flyball, 34D)
Susumu Sugiyama to second
Runner from 2nd tries for 3rd, SAFE, throw made to third
Jorge Díaz to second
Pitching: LHP Santiago Valentín
Batting: RHB Pete Rideout 0-0: DOUBLE (Line Drive, 7LS)
Susumu Sugiyama scores
Jorge Díaz scores
Batting: LHB John Peterson 0-0: Swinging Strike
0-1: Ball
1-1: Swinging Strike
1-2: Strikes out looking
Bottom of the 8th over - 2 run(s), 2 hit(s), 0 error(s), 1 left on base; Niagara Falls 8 - San Francisco 6
TOP OF THE 9TH
Niagara Falls Frenzy batting - Pitching for San Francisco Bandits : RHP José Rivera
Batting: LHB Donovan Bird 0-0: Ball
1-0: Ground out 4-3 (Groundball, 4)
Batting: SHB Ray Burgess 0-0: Ball
1-0: Ball
2-0: SOLO HOME RUN (Flyball, 9LD), Distance : 313 ft
Batting: SHB Shumei Yokoyama 0-0: Ball
1-0: Called Strike
1-1: Ball
2-1: Ball
3-1: Base on Balls
Batting: LHB Seung-woo Yi 0-0: Ball
1-0: Fielders Choice at 2nd, 6-4 (Groundball, 6M)
Batting: RHB Ángel Hinojosa 0-0: Called Strike
0-1: Ball
1-1: Called Strike
1-2: Ball
2-2: DOUBLE (Line Drive, 78XD)
Seung-woo Yi to third
Batting: RHB Cordell Gibson 0-0: Called Strike
0-1: Foul Ball, location: 2F
0-2: Ball
1-2: Ball
2-2: Ball
3-2: Fly out, F8 (Flyball, 8RD)
Top of the 9th over - 1 run(s), 2 hit(s), 0 error(s), 2 left on base; Niagara Falls 9 - San Francisco 6
BOTTOM OF THE 9TH
San Francisco Bandits batting - Pitching for Niagara Falls Frenzy : LHP Santiago Valentín
Pitching: RHP Esteban Juárez
Batting: RHB Jorge Morales 0-0: Ground out 6-3 (Groundball, 6M)
Batting: RHB Michael Elliott 0-0: Ball
1-0: Ground out 5-3 (Groundball, 56)
Batting: RHB Cory Foster 0-0: Called Strike
0-1: Swinging Strike
0-2: Ball
1-2: Foul Ball, location: 2F
1-2: Ground out 6-3 (Groundball, 6M)
Bottom of the 9th over - 0 run(s), 0 hit(s), 0 error(s), 0 left on base; Niagara Falls 9 - San Francisco 6
This league is powered by Out of the Park Baseball, the baseball management simulation game for PC, Mac and Linux
Saturday, April 9th, 2016 - OOTP Baseball 16.8 Build 38